 Dungeon Crawl Stone Soup version 0.18.1-48-g4cf74bf (webtiles) character file.

444 raph the Basher (level 6, -2/51 HPs)
             Began as a Minotaur Fighter on July 8, 2016.
             Incinerated by Thrillho's ghost (9 damage)
             ... with a sticky flame
             ... on level 4 of the Dungeon.
             The game lasted 00:06:04 (2805 turns).

raph the Basher (Minotaur Fighter)                  Turns: 2805, Time: 00:06:05

Health: -2/51      AC: 10    Str: 30    XL:     6   Next: 72%
Magic:  5/5        EV:  6    Int:  5    God:
Gold:   245        SH: 14    Dex: 10    Spells: 0 memorised, 5 levels left

rFire  . . .     SeeInvis .     a - +0 flail
rCold  . . .     Gourm    .     p - +0 chain mail (curse)
rNeg   . . .     Faith    .     c - +0 shield
rPois  .         Spirit   .     (helmet restricted)
rElec  .         Dismiss  .     h - +0 cloak {+Inv}
rCorr  .         Reflect  +     (no gloves)
SustAt .         Harm     .     (no boots)
MR     .....                    l - +4 amulet of reflection
Stlth  ..........               (no ring)
                                b - +3 ring of strength

@: mighty, liquid flames, glowing, not resistant to hostile enchantments,
extremely unstealthy
A: retaliatory headbutt, horns 2
a: Evoke Invisibility


You were on level 4 of the Dungeon.
You were not hungry.

You visited 1 branch of the dungeon, and saw 4 of its levels.

You collected 245 gold pieces.

Inventory:

Hand Weapons
 a - a +0 flail (weapon)
Armour
 c - a +0 shield (worn)
 h - a +0 cloak of invisibility (worn)
 p - a cursed +0 chain mail (worn)
Jewellery
 b - a +3 ring of strength (left hand)
 l - a +4 amulet of reflection (around neck)
Scrolls
 e - a scroll of fog {unknown}
 g - a scroll of magic mapping {unknown}
 j - a scroll of amnesia {unknown}
 k - 3 scrolls of remove curse {unknown}
 m - 3 scrolls of identify {unknown}
 n - a scroll of blinking {unknown}
 o - a scroll of noise {unknown}
 q - a scroll of enchant armour {unknown}
Potions
 t - a potion of heal wounds {unknown}
 u - a potion of agility {unknown}
Comestibles
 f - 5 bread rations
 i - a meat ration
 s - 5 fruits
 v - 2 slices of pizza


   Skills:
 - Level 3.6 Fighting
 + Level 8.8 Maces & Flails
 - Level 3.6 Armour
 - Level 3.6 Shields


You had 5 spell levels left.
You didn't know any spells.

Dungeon Overview and Level Annotations

Branches:
Dungeon (4/15)
 Temple: D:4-7

Altars:
Jiyva

Annotations:
D:4 Thrillho's ghost, amateur DEFE


Innate Abilities, Weirdness & Mutations

You reflexively headbutt those who attack you in melee.
You have a pair of horns on your head.


Message History

Thrillho's ghost sprays you with burning goo.
The sticky flame hits you!
You are covered in liquid flames!
The giant gecko bites you.
You hit the giant gecko.
The giant gecko is lightly wounded.
You are covered in liquid flames!
The giant gecko bites you.
* * * LOW HITPOINT WARNING * * *
You block Thrillho's ghost's attack.
Drink which item? (? for menu, Esc to quit)
You feel very mighty all of a sudden.
You are covered in liquid flames!
* * * LOW HITPOINT WARNING * * *
You block the giant gecko's attack.
Thrillho's ghost hits you but does no damage.
You closely miss the giant gecko.
The giant gecko is lightly wounded.
You are covered in liquid flames!
You die...

#...#. .#
#...#.#####.#
#..........!#
#...........#####
#.#..........
#.#..........#
#....r.<..##.#
#####l##......#
#@# ....... #W#
....".# #S#
####.## #.# # #.#
#.# ... ..%


You could see Thrillho's ghost, an adder, a giant gecko and a quokka.

Vanquished Creatures
  Sigmund (D:2)
  An orc warrior (D:3)
  A howler monkey (D:4)
  An orc priest (D:3)
  4 adders
  3 oozes
  3 dart slugs
  A giant gecko (D:2)
  8 orcs
  A ball python (D:2)
  A giant cockroach (D:1)
  8 goblins
  9 hobgoblins
  6 jackals
  8 bats
  3 giant newts
  7 kobolds
  7 rats
73 creatures vanquished.

Notes
Turn   | Place    | Note
--------------------------------------------------------------
     0 | D:1      | raph the Minotaur Fighter began the quest for the Orb.
     0 | D:1      | Reached XP level 1. HP: 19/19 MP: 0/0
    40 | D:1      | Reached skill level 3 in Maces & Flails
   241 | D:1      | Found a viscous altar of Jiyva.
   241 | D:1      | Noticed a jelly
   241 | D:1      | Noticed a jelly
   241 | D:1      | Noticed a jelly
   241 | D:1      | Noticed a jelly
   241 | D:1      | Noticed a jelly
   241 | D:1      | Noticed a jelly
   242 | D:1      | Noticed a jelly
   249 | D:1      | Reached XP level 2. HP: 26/26 MP: 1/1
   674 | D:1      | Reached skill level 4 in Maces & Flails
  1038 | D:2      | Reached XP level 3. HP: 28/31 MP: 2/2
  1334 | D:2      | Reached skill level 5 in Maces & Flails
  1381 | D:2      | Noticed Sigmund
  1393 | D:2      | Killed Sigmund
  1393 | D:2      | Reached skill level 7 in Maces & Flails
  1393 | D:2      | Reached XP level 4. HP: 18/39 MP: 3/3
  1393 | D:2      | Reached XP level 5. HP: 21/45 MP: 4/4
  1966 | D:3      | Reached XP level 6. HP: 29/51 MP: 5/5
  2477 | D:3      | Noticed an orc warrior
  2495 | D:3      | Killed an orc warrior
  2495 | D:3      | Reached skill level 8 in Maces & Flails
  2796 | D:4      | Noticed Thrillho's ghost (amateur DEFE)
  2805 | D:4      | Incinerated by Thrillho's ghost

Skill      XL: |  1  2  3  4  5  6 |
---------------+-------------------+-----
Maces & Flails | 3 4 7 8 |  8.8
Fighting       | |  3.6
Armour         | |  3.6
Shields        | |  3.6

Action                   |  1- 3 |  4- 6 || total
-------------------------+-------+-------++-------
Melee: Flail             |    99 |   103 ||   202
       Headbutt          |    17 |    15 ||    32
  Use: Potion            |     1 |     1 ||     2
  Eat: Chunk             |     2 |     4 ||     6
Armor: Chain mail        |    36 |    41 ||    77
Dodge: Dodged            |    18 |    13 ||    31
Block: Shield            |    59 |    72 ||   131
       Reflection        |     1 |     2 ||     3
